 Dungeon Crawl Stone Soup version 0.25-a0-577-ga4619f409e (webtiles) character file.

Game seed: 5366340583265035349, levelgen mode: deterministic

296 LairdRich the Chopper (level 6, -16/55 HPs)
             Began as a Minotaur Berserker on Mar 2, 2020.
             Was a Priest of Trog.
             Demolished by an ogre
             ... wielding a +0 giant club
              (23 damage)
             ... on level 4 of the Dungeon.
             The game lasted 00:10:42 (3686 turns).

LairdRich the Chopper (Minotaur Berserker)          Turns: 3686, Time: 00:10:43

Health: -16/55     AC:  5    Str: 24    XL:     6   Next: 12%
Magic:  5/5        EV:  9    Int:  4    God:    Trog [***...]
Gold:   59         SH:  9    Dex:  9    Spells: 5/5 levels left

rFire    . . .     SeeInvis .   a - +0 war axe
rCold    . . .     Gourm    .   k - +0 kite shield
rNeg     . . .     Faith    .   h - +0 ring mail
rPois    .         Spirit   .   (helmet restricted)
rElec    .         Reflect  .   (no cloak)
rCorr    .         Harm     .   (no gloves)
MR       .....                  (no boots)
Stlth    ..........             (no amulet)
HPRegen  0.18/turn              (no ring)
MPRegen  0.09/turn              (no ring)

@: no status effects
A: retaliatory headbutt, horns 2
a: Berserk, Trog's Hand, Renounce Religion


You were on level 4 of the Dungeon.
You worshipped Trog.
Trog was most pleased with you.
You were hungry.

You visited 1 branch of the dungeon, and saw 4 of its levels.

You collected 189 gold pieces.
You spent 130 gold pieces at shops.

Inventory:

Hand Weapons
 a - a +0 war axe (weapon)
Armour
 h - a +0 ring mail (worn)
 k - a +0 kite shield (worn)
Scrolls
 d - 2 scrolls of teleportation
 e - a scroll of fog {unknown}
 g - 5 scrolls of identify
 j - 2 scrolls of remove curse
Potions
 b - 4 potions of lignification
 f - 3 potions of curing {unknown}
 i - a potion of brilliance {unknown}
 l - 2 potions of degeneration {unknown}
 m - 2 potions of flight {unknown}
 n - 3 potions of heal wounds
 q - a potion of cancellation {unknown}
Comestibles
 c - 8 rations


   Skills:
 + Level 4.8 Fighting
 * Level 5.7 Axes
 + Level 3.9 Armour
 + Level 3.5 Dodging
 + Level 2.2 Shields


You had 5 spell levels left.
You didn't know any spells.
Your spell library was empty.

Dungeon Overview and Level Annotations

Branches:
Dungeon (4/15)
 Temple: D:4-7

Altars:
Fedhas
Okawaru

Shops:
D:4 !

Annotations:
D:2 exclusion: oklob plant
D:4 1 runed translucent door, Crazy Yiuf


Innate Abilities, Weirdness & Mutations

You reflexively headbutt those who attack you in melee.
You have a pair of horns on your head.


Message History

You are too injured to fight recklessly!
You closely miss the ogre.
You headbutt the ogre, but do no damage.
The ogre is heavily wounded.
The ogre hits you with a +0 giant club!!
* * * LOW HITPOINT WARNING * * *
You hit the ogre. Your headbutt misses the ogre.
The ogre is heavily wounded.
You block the ogre's attack.
You hit the ogre. Your headbutt misses the ogre.
The ogre is heavily wounded.
The ogre barely misses you.
You slash the ogre!
The ogre is almost dead.
You block the ogre's attack.
Your shield prevents you from hitting the ogre.
The ogre is almost dead.
You are feeling hungry.
The ogre hits you with a +0 giant club!!
You die...

...#...............#
#..##..............#....
..................##.... .
.#...>................# ..
............##.......##...
.........#...#............
........##................
.>........................
.......##.......@O.#.
##.....##..........#
.#...............###
.#.##..........###
.................##
......##..........#
.##..............##
.......##........#
#.....###........#


You could see an ogre.

Vanquished Creatures
  A scorpion (D:4)
  An orc wizard (D:3)
  2 worker ants (D:4)
  3 gnolls (D:3)
  7 adders
  2 oozes (D:2)
  A worm (D:3)
  3 dart slugs
  3 leopard geckos
  5 orcs (D:3)
  2 giant cockroaches
  5 goblins
  4 hobgoblins
  6 kobolds
  8 bats
  4 frilled lizards
  A leopard gecko skeleton (D:4)
  A quokka skeleton (D:4)
  8 rats
67 creatures vanquished.

Notes
Turn   | Place    | Note
-------+----------+-------------------------------------------
     0 | D:1      | LairdRich the Minotaur Berserker began the quest for the
                  | Orb.
     0 | D:1      | Reached XP level 1. HP: 19/19 MP: 0/0
   155 | D:1      | Reached XP level 2. HP: 27/27 MP: 1/1
   180 | D:1      | Reached skill level 4 in Axes
   705 | D:2      | Reached XP level 3. HP: 25/33 MP: 2/2
   713 | D:2      | Reached ** piety under Trog
  1120 | D:2      | Found a blossoming altar of Fedhas.
  1133 | D:2      | Noticed an oklob plant
  1301 | D:2      | Reached XP level 4. HP: 36/40 MP: 3/3
  1659 | D:3      | Found an iron altar of Okawaru.
  1668 | D:3      | Reached skill level 1 in Shields
  1754 | D:3      | Noticed an ogre
  1995 | D:3      | Reached skill level 5 in Axes
  2006 | D:3      | Reached XP level 5. HP: 33/47 MP: 4/4
  3344 | D:4      | Reached XP level 6. HP: 48/53 MP: 5/5
  3438 | D:4      | Found Jolit's Distillery.
  3443 | D:4      | Bought 2 potions of heal wounds for 130 gold pieces
  3494 | D:4      | Reached *** piety under Trog
  3508 | D:4      | Found a runed translucent door.
  3510 | D:4      | Noticed Crazy Yiuf
  3686 | D:4      | Demolished by an ogre

Levels and vault maps discovered:
D:1:      onia_arrival_pyramid, layout_loops_ring
D:2:      layout_rooms, kennysheep_another_room, tgw_fedhas
D:3:      layout_basic, okawaru_gym_becter
D:4:      layout_cave_pools, serial_shops, kennysheep_little_box, first_ration,
          minmay_misc_feat_pillars, uniq_crazy_yiuf_cottage

Skill      XL: |  1  2  3  4  5 |
---------------+----------------+-----
Axes           | 4 5 |  5.7
Fighting       | 4 |  4.8
Armour         | 3 |  3.9
Dodging        | 3 |  3.5
Shields        | 1 2 |  2.2

Action                   |  1- 3 |  4- 6 || total
-------------------------+-------+-------++-------
Melee: Hand axe          |    86 |    89 ||   175
       Headbutt          |     9 |    27 ||    36
       War axe           |       |    35 ||    35
  Use: Scroll            |       |     6 ||     6
  Eat: Chunk             |     1 |     4 ||     5
       Ration            |       |     1 ||     1
Armor: Animal skin       |     5 |       ||     5
       Ring mail         |    26 |    43 ||    69
Dodge: Dodged            |    53 |    52 ||   105
Block: Kite shield       |    13 |    57 ||    70

Table legend:
 A = Non-vault XP
 B = Vault XP
 C = Vault XP percentage of total XP
 D = Non-vault monster count
 E = Vault monster count
 F = Vault count percentage of total count
                 A         B        C        D         E       F
            +---------+---------+-------+---------+---------+-------
      Total |     423 |       0 |   0.0 |      67 |       0 |   0.0
            +---------+---------+-------+---------+---------+-------
        D:1 |      31 |       0 |   0.0 |      14 |       0 |   0.0
        D:2 |      98 |       0 |   0.0 |      23 |       0 |   0.0
        D:3 |     151 |       0 |   0.0 |      25 |       0 |   0.0
        D:4 |     143 |       0 |   0.0 |       5 |       0 |   0.0
            +---------+---------+-------+---------+---------+-------
